 Dungeon Crawl Stone Soup version 0.23.2-30-g0e89c35649 (webtiles) character file.

Game seed: 9443964755041284285

1642 teukkam the Covered (level 8, 0/70 HPs)
             Began as a Minotaur Fighter on June 14, 2019.
             Was a Believer of Dithmenos.
             Slain by a hippogriff (8 damage)
             ... on level 7 of the Dungeon.
             The game lasted 00:23:47 (4696 turns).

teukkam the Covered (Minotaur Fighter)              Turns: 4696, Time: 00:23:48

Health: 0/70       AC:  6    Str: 23    XL:     8   Next: 67%
Magic:  7/7        EV:  9    Int: 10    God:    Dithmenos [**....]
Gold:   162        SH: 11    Dex: 13    Spells: 7/7 levels left

rFire    + . .     SeeInvis .   a - +2 falchion "Qirok" {flame, Dex+3 Stlth+}
rCold    . . .     Gourm    .   b - +1 shield
rNeg     . . .     Faith    .   v - +0 leather armour {rF+}
rPois    .         Spirit   .   (helmet restricted)
rElec    .         Reflect  .   i - +0 cloak
rCorr    +         Harm     .   x - +0 pair of gloves
MR       .....                  (no boots)
Stlth    +++++.....             (no amulet)
HPRegen  0.21/turn              n - ring of flight
MPRegen  0.10/turn              A - ring of resist corrosion

@: brilliant, wreathed by umbra
A: retaliatory headbutt, horns 2
a: Shadow Step, Renounce Religion, Evoke Flight


You were on level 7 of the Dungeon.
You worshipped Dithmenos.
Dithmenos was pleased with you.
You were not hungry.

You visited 1 branch of the dungeon, and saw 8 of its levels.
You also visited: Ossuary.

You collected 162 gold pieces.

Inventory:

Hand Weapons
 a - the +2 falchion "Qirok" (weapon) {flame, Dex+3 Stlth+}
   (You found it on level 5 of the Dungeon)

   It has been specially enchanted to burn those struck by it, causing extra
   injury to most foes and up to half again as much damage against particularly
   susceptible opponents.
   Big, fiery blades are also staple armaments of hydra-hunters.
   It affects your dexterity (+3).
   It makes you more stealthy.
 c - a +4 flail of protection
 j - a +1 hand axe of chopping
 p - a +1 war axe
 r - a +2 dagger of venom
 s - a +2 mace of crushing
 C - the +4 spear "Deciddi" {vamp, SInv}
   (You found it on level 6 of the Dungeon)

   It inflicts no extra harm, but heals its wielder when it wounds a living foe.
   It lets you see invisible.
Missiles
 h - 134 stones (quivered)
 t - 14 tomahawks of returning
 B - 8 tomahawks
Armour
 b - a +1 shield (worn)
 i - a +0 cloak (worn)
 v - a +0 leather armour of fire resistance (worn)
 x - a +0 pair of gloves (worn)
Jewellery
 k - an uncursed amulet of inaccuracy
 n - a ring of flight (left hand)
 u - a +4 ring of intelligence
 z - a +5 ring of intelligence
 A - a ring of resist corrosion (right hand)
Wands
 m - a wand of acid (10)
 F - a wand of enslavement (4)
Scrolls
 d - a scroll of enchant weapon
 g - 2 scrolls of magic mapping
 l - 3 scrolls of identify
 w - a scroll of teleportation
 y - a scroll of fear {unknown}
 E - a scroll of immolation
Potions
 e - 4 potions of lignification
Comestibles
 f - 8 rations
 D - 11 chunks of flesh


   Skills:
 - Level 5.7 Fighting
 - Level 3.7(4.8) Short Blades
 + Level 4.9(5.7) Long Blades
 - Level 5.0 Axes
 - Level 5.8 Armour
 + Level 5.0 Stealth
 - Level 5.7 Shields


You had 7 spell levels left.
You didn't know any spells.
Your spell library contained the following spells:

 Spells                   Type           Power        Failure   Level  Hunger
 Animate Skeleton         Necr           N/A          16%         1    ##.....
 Confusing Touch          Hex            #.....       16%         1    ##.....
 Pain                     Necr           #...         16%         1    ##.....
 Confuse                  Hex            #.......     38%         3    ####...
 Gell's Gravitas          Tloc           #.........   38%         3    ####...
 Regeneration             Chrm/Necr      #.........   38%         3    ####...
 Vampiric Draining        Necr           #.........   38%         3    ####...
 Animate Dead             Necr           N/A          73%         4    #####..
 Petrify                  Tmut/Erth      #.......     73%         4    #####..
 Metabolic Englaciation   Hex/Ice        #.........   95%         5    ######.
 Yara's Violent Unravell  Hex/Tmut       #.........   95%         5    ######.


Dungeon Overview and Level Annotations

Branches:
Dungeon (8/15)             Temple (0/1) D:4
   Lair: D:8-11

Altars:
Dithmenos
Elyvilon
Hepliaklqana
Qazlal
Sif Muna
Trog
The Shining One
Beogh

Annotations:
D:4 3 runed translucent doors, teukkam's ghost, amateur MiFi


Innate Abilities, Weirdness & Mutations

You reflexively headbutt those who attack you in melee.
You have a pair of horns on your head.


Message History

A puff of flame appears from out of thin air!
The puff of flame hits you. You resist.
* * * LOW HITPOINT WARNING * * *
You barely miss something. You headbutt something. Something hits you.
* * * LOW HITPOINT WARNING * * *
You hit something. You burn something. You headbutt something!
Dithmenos accepts your kill.
Reactivating autopickup.
Your Stealth skill increases to level 5!
You feel a bit more experienced.
You hit the hippogriff. You burn the hippogriff.
The hippogriff is moderately wounded.
You block the hippogriff's attack.
The hippogriff pecks you but does no damage.
The hippogriff barely misses you.
Your orc warrior barely misses the hippogriff.
The hippogriff bites you.
* * * LOW HITPOINT WARNING * * *
The hippogriff barely misses you. The hippogriff claws you!
You die...

############.###.##..#.##
...........#.##...#.. .
##########....^._... ..
###..#...# #..##.##
#.....###.# #....s....#
#####H#####.# #@o$))..#
#########


You could see a hippogriff, a scorpion and a friendly orc warrior.

Vanquished Creatures
  2 ogres
  2 centaurs
  An elf zombie (Ossuary)
  2 howler monkeys
  2 crimson imps (D:6)
  2 bullfrog zombies
  A centaur zombie (Ossuary)
  3 human zombies (Ossuary)
  4 orc wizards
  A bullfrog skeleton (D:4)
  2 hounds
  2 jellies
  An orc priest (D:7)
  A centaur skeleton (D:5)
  2 iguanas
  7 worker ants
  A killer bee zombie (D:5)
  A big kobold zombie (Ossuary)
  2 hound skeletons (D:6)
  2 mummies (Ossuary)
  A worker ant zombie (D:7)
  8 adders
  A gnoll (D:7)
  A howler monkey skeleton (D:5)
  A shadow imp (D:5)
  2 oozes (D:3)
  An adder zombie (Ossuary)
  An adder skeleton (D:4)
  A worm (D:4)
  3 dart slugs
  2 leopard geckos
  21 orcs
  7 giant cockroaches
  3 goblins (D:1)
  3 hobgoblins
  4 jackals
  4 kobolds
  6 quokkas
  A ball python (D:3)
  7 bats
  5 frilled lizards
  9 hobgoblin zombies (Ossuary)
  12 kobold zombies (Ossuary)
  6 orc zombies (Ossuary)
  5 rats
  A rat zombie (Ossuary)
157 creatures vanquished.

Vanquished Creatures (collateral kills)
  An orc wizard (D:7)
  2 orcs (D:7)
3 creatures vanquished.

Grand Total: 160 creatures vanquished

Notes
Turn   | Place    | Note
-------+----------+-------------------------------------------
     0 | D:1      | teukkam the Minotaur Fighter began the quest for the Orb.
     0 | D:1      | Reached XP level 1. HP: 19/19 MP: 0/0
   129 | D:3      | Reached XP level 2. HP: 27/27 MP: 1/1
   159 | D:4      | Reached XP level 3. HP: 30/33 MP: 2/2
   166 | D:4      | Reached XP level 4. HP: 32/41 MP: 3/3
   277 | D:4      | Found a bloodstained altar of Trog.
   322 | D:4      | Found a runed translucent gate.
   323 | D:4      | Found a runed translucent gate.
   323 | D:4      | Found a runed translucent gate.
   327 | D:4      | Noticed teukkam's ghost (amateur MiFi)
   360 | D:5      | Entered Level 5 of the Dungeon
   457 | D:5      | Found a shadowy altar of Dithmenos.
   483 | D:5      | Reached XP level 5. HP: 35/47 MP: 4/4
   689 | D:5      | Reached skill level 5 in Armour
   702 | D:5      | Reached skill level 5 in Fighting
   702 | D:5      | Reached skill level 5 in Shields
   708 | D:5      | Found a sand-covered staircase.
   903 | Ossuary  | Entered an ossuary
  1046 | Ossuary  | Reached XP level 6. HP: 36/56 MP: 5/5
  1476 | D:1      | Reached XP level 7. HP: 62/62 MP: 6/6
  1747 | D:2      | Reached skill level 5 in Axes
  2114 | D:2      | Found a deep blue altar of Sif Muna.
  2192 | D:3      | Found a faded altar of an unknown god.
  2199 | D:3      | Became a worshipper of Dithmenos the Shadowed
  2199 | D:3      | Reached * piety under Dithmenos
  2439 | D:4      | Reached skill level 1 in Short Blades
  2439 | D:4      | Reached skill level 1 in Stealth
  2782 | D:4      | Found a staircase to the Ecumenical Temple.
  2921 | D:4      | Reached ** piety under Dithmenos
  3255 | D:4      | Found a roughly hewn altar of Beogh.
  3374 | D:5      | Got a crude falchion
  3378 | D:5      | Identified the +2 falchion "Qirok" {flame, Dex+3 Stlth+}
                  | (You found it on level 5 of the Dungeon)
  3596 | D:5      | Reached XP level 8. HP: 52/70 MP: 7/7
  3597 | D:5      | Reached skill level 1 in Long Blades
  3919 | D:6      | Got a smoking spear
  3920 | D:6      | Identified the +4 spear "Deciddi" {vamp, SInv} (You found
                  | it on level 6 of the Dungeon)
  4029 | D:6      | Found a glowing golden altar of the Shining One.
  4097 | D:6      | Found a hazy altar of Hepliaklqana.
  4166 | D:6      | Found a white marble altar of Elyvilon.
  4413 | D:7      | Noticed a hippogriff
  4596 | D:7      | Found a hazy altar of Hepliaklqana.
  4611 | D:7      | HP: 3/70 [poisoned by a gnoll]
  4659 | D:7      | Found a stormy altar of Qazlal.
  4678 | D:7      | HP: 3/70 [orc warrior/+0 mace (16)]
  4678 | D:7      | HP: 1/70 [orc warrior/+0 mace (2)]
  4695 | D:7      | Reached skill level 5 in Stealth
  4696 | D:7      | Slain by a hippogriff

Skill      XL: |  1  2  3  4  5  6  7  8 |
---------------+-------------------------+-----
Armour         | 4 5 |  5.8
Fighting       | 4 5 |  5.7
Axes           | 3 4 5 |  5.0
Shields        | 4 5 |  5.7
Short Blades   | 3 |  3.7
Stealth        | 3 5 |  5.0
Long Blades    | 4 |  4.9

Action                   |  1- 3 |  4- 6 |  7- 9 || total
-------------------------+-------+-------+-------++-------
Melee: War axe           |    30 |   174 |    27 ||   231
       Headbutt          |     2 |    37 |    48 ||    87
       Hand axe          |       |    48 |       ||    48
       Dagger            |       |       |   141 ||   141
       Falchion          |       |       |   137 ||   137
Throw: Stone             |       |     5 |       ||     5
Evoke: Wand              |       |       |     6 ||     6
  Use: Scroll            |       |     5 |     9 ||    14
       Potion            |       |     4 |    10 ||    14
 Stab: Sleeping          |       |       |    11 ||    11
       Distracted        |       |       |     1 ||     1
  Eat: Ration            |       |     1 |     1 ||     2
       Chunk             |       |       |     6 ||     6
Armor: Scale mail        |    24 |    86 |    21 ||   131
       Leather armour    |       |       |    49 ||    49
Dodge: Dodged            |    10 |    59 |   103 ||   172
Block: Shield            |    20 |   123 |   178 ||   321
       Rpst.: Falchion   |       |       |    14 ||    14
